 Dungeon Crawl Stone Soup version 0.32-a0-163-g159c032296 (webtiles) character file.

Game seed: 17911561842456217636

91 greenreed the Ruffian (level 4, 0/37 HPs)
             Began as a Draconian Shapeshifter on Feb 11, 2024.
             Splashed by a jelly's acid (5 damage)
             ... on level 3 of the Dungeon.
             The game lasted 00:02:20 (1407 turns).

greenreed the Ruffian (Draconian Shapeshifter)      Turns: 1407, Time: 00:02:22

Health: 0/37       AC: -3    Str: 18    XL:     4   Next: 33%
Magic:  4/4        EV: 12    Int: 11    God:
Gold:   116        SH:  0    Dex: 10    Spells: 3/3 levels left

rFire   . .          .
                       - Unarmed
rCold   . . .        (no shield)
rNeg    . . .        (body armour unavailable)
rPois   .            (helmet currently unavailable)
rElec   .            (cloak currently unavailable)
rCorr   .            (gloves currently unavailable)
SInv    .            (boots currently unavailable)
Will    .....        (no amulet)
Stlth   +            (no ring)
HPRegen 0.26/turn    (no ring)
MPRegen 0.09/turn

%: no passive effects
@: beast-form, corroded
A: beast (slay +1), AC +5, unfitting armour, cold-blooded
a: Begin Untransformation


You were on level 3 of the Dungeon.
You were a hulking beast.
You visited 1 branch of the dungeon, and saw 3 of its levels.

You collected 116 gold pieces.

Inventory:

Missiles
 f - a throwing net (quivered)
Talismans
 b - a beast talisman
 c - a flux talisman
Scrolls
 d - a scroll of enchant armour {unknown}
 g - 2 scrolls of teleportation {unknown}
Potions
 a - a potion of lignification
 e - 2 potions of haste {unknown}
 h - a potion of brilliance {unknown}
 i - 2 potions of invisibility {unknown}


   Skills:
 * Level 2.7 Fighting
 + Level 2.2 Dodging
 * Level 3.8 Unarmed Combat
 + Level 3.4 Shapeshifting


You had 3 spell levels left.
You didn't know any spells.
Your spell library was empty.

Dungeon Overview and Level Annotations

Branches:
Dungeon (3/15)

Altars:
Vehumet


Innate Abilities, Weirdness & Mutations

You are a hulking beast.
Your limbs bulge with bestial killing power. (Slay +1)
Your plain brown scales are hard. (AC +5)
You cannot fit into any form of body armour.
You are cold-blooded and may be slowed by cold attacks.


Message History

The hobgoblin hits you.
You punch the hobgoblin!
You kill the hobgoblin!
No target in view!
No target in view!
Things that are here:
a hobgoblin corpse; an adder corpse Done exploring.
Done exploring.
Done exploring.
There is a stone staircase leading down here.
You climb downwards.
There is a stone staircase leading up here.
A ball python comes into view.
Found 7 gold pieces.
Found an escape hatch in the ceiling.
The ball python hisses angrily.
You hit the ball python.
You kill the ball python!
No target in view!
You now have 116 gold pieces (gained 7).
You hear a slurping noise.
The jelly eats the door!
A jelly comes into view.
The jelly quivers.
You hit the jelly.
Your hands burn!
The jelly is lightly wounded.
The jelly hits you. The acid corrodes you!
You are splashed with acid!
You completely miss the jelly.
You tail-slap the jelly, but do no damage.
The jelly is lightly wounded.
The jelly hits you.
You are splashed with acid!
* * * LOW HITPOINT WARNING * * *
You are too injured to fight recklessly!
You hit the jelly. The acid corrodes you!
Your hands burn!
* * * LOW HITPOINT WARNING * * *
The jelly is moderately wounded.
The jelly hits you.
* * * LOW HITPOINT WARNING * * *
The acid corrodes you!
You are splashed with acid.
You die...

##### ######
... #....# ...
#....# ...
+..<.#
#.#####....#
#.#.....#+##
#J#.###.#.##
#h#........+
#.#####.#.##
####.......#.#
#.......##.#.#
#.......####.#
#.......+ .#
#....<..# ##
#.......#
#.......#


You could see a jelly.

Vanquished Creatures
  3 adders (D:2)
  2 dart slugs (D:2)
  2 ribbon worms (D:2)
  4 ball pythons
  4 endoplasms
  3 giant cockroaches
  5 goblins
  5 hobgoblins
  6 jackals
  3 quokkas
  4 bats
  A frilled lizard (D:1)
  5 kobolds (D:1)
  4 rats
51 creatures vanquished.

Notes
Turn   | Place    | Note
-------+----------+-------------------------------------------
     0 | D:1      | greenreed the Draconian Shapeshifter began the quest for
                  | the Orb.
     0 | D:1      | Reached XP level 1. HP: 16/16 MP: 1/1
   207 | D:1      | Reached XP level 2. HP: 20/23 MP: 2/2
   628 | D:1      | Reached XP level 3. HP: 27/29 MP: 3/3
   948 | D:2      | Found a radiant altar of Vehumet.
  1195 | D:2      | Reached XP level 4. HP: 36/37 MP: 4/4
  1407 | D:3      | Splashed by a jelly's acid

Illustrated notes

Levels and vault maps discovered:
D:1:      minmay_arrival_wavy_path, layout_loops_cross,
          chequers_serial_rivers_marsh, fountainhead
D:2:      layout_basic, basic_altar
D:3:      layout_basic, hellmonk_ecumenical_altar_watching_god

Skill      XL: |  1  2 |
---------------+-------+-----
Dodging        | 2 |  2.2
Fighting       | 2 |  2.7
Unarmed Combat | |  3.8
Shapeshifting  | |  3.4

Action                     |  1- 3 |  4- 6 || total
---------------------------+-------+-------++-------
  Melee: Unarmed           |   121 |    21 ||   142
         Tailslap          |     8 |     2 ||    10
         Punch             |     3 |       ||     3
   Stab: Sleeping          |     1 |       ||     1
 Armour: Skin              |    60 |    15 ||    75
  Dodge: Dodged            |    68 |    16 ||    84

Table legend: (Time is in decaauts)
 A = Elapsed time spent in this place.
 B = Non-inter-level travel time spent in this place.
 C = Inter-level travel time spent in this place.
 D = Time resting spent in this place.
 E = Time spent auto-exploring this place.
 F = Levels seen in this place.
 G = Mean time per level.
                   A        B        C        D        E       F      G
               +--------+--------+--------+--------+--------+-----+--------+
         Total |   1400 |   1369 |     31 |      0 |   1096 |   3 |  466.7 |
       Dungeon |   1400 |   1369 |     31 |      0 |   1096 |   3 |  466.7 |
               +--------+--------+--------+--------+--------+-----+--------+

Top non-repeatable levels by time:
     D:1: 796 daAuts
     D:2: 578 daAuts
     D:3: 25 daAuts
